3AA
FT. POLK SOUTH THUNDER HAWKS @ GLENDALE HERONS
07/20/2028
 
TOP OF THE 1ST
Ft. Polk South Thunder Hawks batting - Pitching for Glendale Herons : LHP Yoriyoshi Yoshimura
Pitching: LHP Yoriyoshi Yoshimura
Batting: RHB Aaron Dixon 0-0: Ball
1-0: Called Strike
1-1: Ball
2-1: Foul Ball, location: 2F
2-2: Ball
3-2: Foul Ball, location: 2F
3-2: Base on Balls
Batting: RHB Borja Berrios 0-0: Foul Ball, location: 2F
0-1: Swinging Strike
0-2: Ball
1-2: Foul Ball, location: 2F
1-2: Ball
2-2: Strikes out swinging
Batting: RHB Chan-Wook Park 0-0: Ball
1-0: Ball
2-0: Ball
3-0: Called Strike
3-1: Grounds into double play, 6-4-3 (Groundball, 6)
Top of the 1st over - 0 run(s), 0 hit(s), 0 error(s), 0 left on base; Ft. Polk South 0 - Glendale 0
BOTTOM OF THE 1ST
Glendale Herons batting - Pitching for Ft. Polk South Thunder Hawks : LHP Hervé Favier
Pitching: LHP Hervé Favier
Batting: RHB Salvador Bueno 0-0: Ball
1-0: Ball
2-0: Called Strike
2-1: Ball
3-1: Foul Ball, location: 2F
3-2: Strikes out looking
Batting: SHB Yun-qi Chien 0-0: Ball
1-0: Called Strike
1-1: Called Strike
1-2: Fly out, F9 (Flyball, 9S)
Batting: LHB Jin-song Seah 0-0: Swinging Strike
0-1: Swinging Strike
0-2: Strikes out looking
Bottom of the 1st over - 0 run(s), 0 hit(s), 0 error(s), 0 left on base; Ft. Polk South 0 - Glendale 0
TOP OF THE 2ND
Ft. Polk South Thunder Hawks batting - Pitching for Glendale Herons : LHP Yoriyoshi Yoshimura
Batting: RHB José Morín 0-0: Swinging Strike
0-1: Ball
1-1: Foul Ball, location: 2F
1-2: Ball
2-2: Ball
3-2: Base on Balls
Batting: LHB Tim Stinson 0-0: Called Strike
0-1: Ball
José Morín is caught stealing 2nd base
1-1: Ball
2-1: Swinging Strike
2-2: Strikes out swinging
Batting: RHB Rob Morse 0-0: Foul Ball, location: 2F
0-1: Swinging Strike
0-2: Strikes out looking
Top of the 2nd over - 0 run(s), 0 hit(s), 0 error(s), 0 left on base; Ft. Polk South 0 - Glendale 0
BOTTOM OF THE 2ND
Glendale Herons batting - Pitching for Ft. Polk South Thunder Hawks : LHP Hervé Favier
Batting: RHB Claudio Tappen 0-0: Ball
1-0: Swinging Strike
1-1: Ball
2-1: SINGLE (Groundball, 4D)
Batting: RHB Héctor Moreno 0-0: Ball
1-0: Called Strike
1-1: Ball
2-1: Ball
3-1: Fly out, F8 (Flyball, 8LXD)
Runner from 1st tags up, SAFE at 2nd
Batting: LHB Jerry Wilson 0-0: Called Strike
0-1: Ball
1-1: Fly out, F8 (Line Drive, 8LM)
Batting: RHB Augusto Ferrales 0-0: Foul Ball, location: 2F
0-1: Called Strike
0-2: Ball
1-2: Fly out, F7 (Flyball, 7D)
Bottom of the 2nd over - 0 run(s), 1 hit(s), 0 error(s), 1 left on base; Ft. Polk South 0 - Glendale 0
TOP OF THE 3RD
Ft. Polk South Thunder Hawks batting - Pitching for Glendale Herons : LHP Yoriyoshi Yoshimura
Batting: RHB Sigi Lang 0-0: Called Strike
0-1: Swinging Strike
0-2: Ball
1-2: Ball
2-2: Strikes out swinging
Batting: RHB Peter Agulera 0-0: Ball
1-0: Ball
2-0: Ball
3-0: Called Strike
3-1: Base on Balls
Batting: RHB Pedro Méndez 0-0: Ball
1-0: Called Strike
1-1: Ball
2-1: Fly out, F8 (Flyball, 8LM)
Batting: RHB Aaron Dixon 0-0: Ground out 1-3 (Groundball, 15S)
Top of the 3rd over - 0 run(s), 0 hit(s), 0 error(s), 1 left on base; Ft. Polk South 0 - Glendale 0
BOTTOM OF THE 3RD
Glendale Herons batting - Pitching for Ft. Polk South Thunder Hawks : LHP Hervé Favier
Batting: SHB Pedro Vásquez 0-0: Swinging Strike
0-1: SINGLE (Groundball, 4MD)
Batting: RHB Takechi Okubo 0-0: Called Strike
0-1: Ball
1-1: Ball
2-1: 2-RUN HOME RUN (Flyball, 7D), Distance : 361 ft
Batting: RHB Salvador Bueno 0-0: Called Strike
0-1: Called Strike
0-2: Ground out 6-3 (Groundball, 6)
Batting: SHB Yun-qi Chien 0-0: Foul Ball, location: 2F
0-1: Called Strike
0-2: Foul Ball, location: 2F
0-2: Strikes out looking
Batting: LHB Jin-song Seah 0-0: Ball
1-0: Called Strike
1-1: Ball
2-1: Called Strike
2-2: Strikes out swinging
Bottom of the 3rd over - 2 run(s), 2 hit(s), 0 error(s), 0 left on base; Ft. Polk South 0 - Glendale 2
TOP OF THE 4TH
Ft. Polk South Thunder Hawks batting - Pitching for Glendale Herons : LHP Yoriyoshi Yoshimura
Batting: RHB Borja Berrios 0-0: Called Strike
0-1: Ball
1-1: Foul Ball, location: 2F
1-2: Foul Ball, location: 2F
1-2: Foul Ball, location: 2F
1-2: Strikes out looking
Batting: RHB Chan-Wook Park 0-0: Ball
1-0: Ball
2-0: Foul Ball, location: 2F
2-1: Swinging Strike
2-2: Strikes out swinging
Batting: RHB José Morín 0-0: Ball
1-0: Called Strike
1-1: Ball
2-1: Ground out 5-3 (Groundball, 56)
Top of the 4th over - 0 run(s), 0 hit(s), 0 error(s), 0 left on base; Ft. Polk South 0 - Glendale 2
BOTTOM OF THE 4TH
Glendale Herons batting - Pitching for Ft. Polk South Thunder Hawks : LHP Hervé Favier
Batting: RHB Claudio Tappen 0-0: Ball
1-0: Called Strike
1-1: Foul Ball, location: 2F
1-2: Strikes out swinging, 2-3 out at first.
Batting: RHB Héctor Moreno 0-0: Called Strike
0-1: Ball
1-1: Called Strike
1-2: Ball
2-2: Foul Ball, location: 2F
2-2: Foul Ball, location: 2F
2-2: Foul Ball, location: 2F
2-2: Ball
3-2: Foul Ball, location: 2F
3-2: Foul Ball, location: 2F
3-2: Base on Balls
Batting: LHB Jerry Wilson 0-0: Ball
1-0: Ball
2-0: Ball
3-0: Base on Balls
Héctor Moreno to second
Batting: RHB Augusto Ferrales 0-0: Called Strike
0-1: Swinging Strike
0-2: Ball
1-2: Foul Ball, location: 2F
1-2: Ball
2-2: Foul Ball, location: 2F
2-2: Foul Ball, location: 2F
2-2: Strikes out swinging
Batting: SHB Pedro Vásquez 0-0: Called Strike
0-1: Ball
1-1: Foul Ball, location: 2F
1-2: Foul Ball, location: 2F
1-2: Ball
2-2: Ball
3-2: Base on Balls
Héctor Moreno to third
Jerry Wilson to second
Batting: RHB Takechi Okubo 0-0: Ball
1-0: Swinging Strike
1-1: Foul Ball, location: 2F
1-2: Foul Ball, location: 2F
1-2: Foul Ball, location: 2F
1-2: Fly out, F5 (Popup, 5D)
Bottom of the 4th over - 0 run(s), 0 hit(s), 0 error(s), 3 left on base; Ft. Polk South 0 - Glendale 2
TOP OF THE 5TH
Ft. Polk South Thunder Hawks batting - Pitching for Glendale Herons : LHP Yoriyoshi Yoshimura
Batting: LHB Tim Stinson 0-0: Ball
1-0: Ground out 4-3 (Groundball, 4)
Batting: RHB Rob Morse 0-0: Ground out 5-3 (Groundball, 56)
Batting: RHB Sigi Lang 0-0: Ball
1-0: Called Strike
1-1: Foul Ball, location: 2F
1-2: Foul Ball, location: 2F
1-2: Foul Ball, location: 2F
1-2: DOUBLE (Line Drive, 7LM)
Batting: RHB Peter Agulera 0-0: Swinging Strike
0-1: Ball
1-1: SINGLE (Groundball, 4MD)
Sigi Lang to third
Runner from 3rd tries for Home, SAFE, no throw
Batting: RHB Pedro Méndez 0-0: Ball
1-0: Foul Ball, location: 2F
1-1: Ball
2-1: Ball
3-1: Base on Balls
Peter Agulera to second
Batting: RHB Aaron Dixon 0-0: Fielders Choice at 2nd, 6-4 (Groundball, 6)
Top of the 5th over - 1 run(s), 2 hit(s), 0 error(s), 1 left on base; Ft. Polk South 1 - Glendale 2
BOTTOM OF THE 5TH
Glendale Herons batting - Pitching for Ft. Polk South Thunder Hawks : LHP Hervé Favier
Pitching: LHP César Vásquez
Batting: RHB Salvador Bueno 0-0: Called Strike
0-1: Ball
1-1: Called Strike
1-2: Foul Ball, location: 2F
1-2: Ball
2-2: Ball
3-2: Foul Ball, location: 2F
3-2: Foul Ball, location: 2F
3-2: Base on Balls
Batting: SHB Yun-qi Chien 0-0: Called Strike
0-1: Sac Bunt - play at first, batter OUT! 2-3
Salvador Bueno to second
Batting: LHB Jin-song Seah 0-0: Foul Ball, location: 2F
0-1: Swinging Strike
0-2: Ball
1-2: Strikes out looking
Batting: RHB Claudio Tappen 0-0: Fly out, F8 (Flyball, 8RD)
Bottom of the 5th over - 0 run(s), 0 hit(s), 0 error(s), 1 left on base; Ft. Polk South 1 - Glendale 2
TOP OF THE 6TH
Ft. Polk South Thunder Hawks batting - Pitching for Glendale Herons : LHP Yoriyoshi Yoshimura
Batting: RHB Borja Berrios 0-0: Called Strike
0-1: Fly out, F8 (Flyball, 8LD)
Batting: RHB Chan-Wook Park 0-0: Ball
1-0: Foul Ball, location: 2F
1-1: Ball
2-1: Foul Ball, location: 2F
2-2: Ball
3-2: Base on Balls
Batting: RHB José Morín 0-0: Called Strike
0-1: Swinging Strike
0-2: Foul Ball, location: 2F
0-2: Strikes out swinging
Batting: LHB Tim Stinson 0-0: Called Strike
0-1: DOUBLE (Flyball, 78XD)
Chan-Wook Park to third
Batting: RHB Rob Morse 0-0: Ball
1-0: Fly out, F4 (Popup, 4)
Top of the 6th over - 0 run(s), 1 hit(s), 0 error(s), 2 left on base; Ft. Polk South 1 - Glendale 2
BOTTOM OF THE 6TH
Glendale Herons batting - Pitching for Ft. Polk South Thunder Hawks : LHP César Vásquez
Batting: RHB Héctor Moreno 0-0: Fly out, F9 (Flyball, 9D)
Batting: LHB Jerry Wilson 0-0: Fly out, F7 (Flyball, 78M)
Batting: RHB Augusto Ferrales 0-0: Fly out, F7 (Line Drive, 7)
Bottom of the 6th over - 0 run(s), 0 hit(s), 0 error(s), 0 left on base; Ft. Polk South 1 - Glendale 2
TOP OF THE 7TH
Ft. Polk South Thunder Hawks batting - Pitching for Glendale Herons : LHP Yoriyoshi Yoshimura
Batting: RHB Sigi Lang 0-0: Fly out, F7 (Flyball, 7S)
Batting: RHB Peter Agulera 0-0: Called Strike
0-1: Foul Ball, location: 2F
0-2: Ball
1-2: Ball
2-2: SINGLE (Line Drive, 34D)
Batting: RHB Pedro Méndez 0-0: Called Strike
0-1: Ball
1-1: Ball
2-1: Fly out, F7 (Flyball, 7)
Pinch Hitting: RHB Alejandro Santiago 0-0: Ball
1-0: Called Strike
1-1: Ball
2-1: Called Strike
2-2: Ball
3-2: Base on Balls
Peter Agulera to second
Pitching: LHP Sammy Nash
Batting: RHB Borja Berrios 0-0: SINGLE (Groundball, 56D)
Peter Agulera to third
Alejandro Santiago to second
Runner from 3rd tries for Home, SAFE, throw made home
Alejandro Santiago to third
Borja Berrios to second
Batting: RHB Chan-Wook Park 0-0: Ground out 4-3 (Groundball, 4)
Top of the 7th over - 1 run(s), 2 hit(s), 0 error(s), 2 left on base; Ft. Polk South 2 - Glendale 2
BOTTOM OF THE 7TH
Glendale Herons batting - Pitching for Ft. Polk South Thunder Hawks : LHP César Vásquez
Now in LF: César Villarreal
Pinch Hitting: RHB José Masaferro 0-0: Ball
1-0: Ball
2-0: Foul Ball, location: 2F
2-1: Foul Ball, location: 2F
2-2: Ball
3-2: Strikes out looking
Batting: RHB Takechi Okubo 0-0: Foul Ball, location: 2F
0-1: Ball
1-1: Ball
2-1: Swinging Strike
2-2: Strikes out looking
Batting: RHB Salvador Bueno 0-0: Foul Ball, location: 2F
0-1: Called Strike
0-2: Ground out 5-3 (Groundball, 5)
Bottom of the 7th over - 0 run(s), 0 hit(s), 0 error(s), 0 left on base; Ft. Polk South 2 - Glendale 2
TOP OF THE 8TH
Ft. Polk South Thunder Hawks batting - Pitching for Glendale Herons : LHP Sammy Nash
Now in RF: José Masaferro
Batting: RHB José Morín 0-0: Ball
1-0: Ground out 4-3 (Groundball, 4)
Batting: LHB Tim Stinson 0-0: Swinging Strike
0-1: Ball
1-1: Foul Ball, location: 2F
1-2: Ball
2-2: Ground out 4-3 (Groundball, 34)
Batting: RHB Rob Morse 0-0: Swinging Strike
0-1: Ground out 5-3 (Groundball, 56)
Top of the 8th over - 0 run(s), 0 hit(s), 0 error(s), 0 left on base; Ft. Polk South 2 - Glendale 2
BOTTOM OF THE 8TH
Glendale Herons batting - Pitching for Ft. Polk South Thunder Hawks : LHP César Vásquez
Batting: SHB Yun-qi Chien 0-0: Called Strike
0-1: Ball
1-1: Ball
2-1: Foul Ball, location: 2F
2-2: Strikes out swinging
Pinch Hitting: RHB Álex Cordero 0-0: Ball
1-0: Called Strike
1-1: Swinging Strike
1-2: Ground out 1-3 (Groundball, 15)
Pitching: RHP Joey Hamman
Batting: RHB Claudio Tappen 0-0: Ball
1-0: Called Strike
1-1: Swinging Strike
1-2: Foul Ball, location: 2F
1-2: Reached on error, E6 (Popup, 6D)
Batting: RHB Héctor Moreno 0-0: Called Strike
0-1: Fly out, F7 (Line Drive, 78M)
Bottom of the 8th over - 0 run(s), 0 hit(s), 1 error(s), 1 left on base; Ft. Polk South 2 - Glendale 2
TOP OF THE 9TH
Ft. Polk South Thunder Hawks batting - Pitching for Glendale Herons : LHP Sammy Nash
Pitching: LHP Nick Riviera
Now in LF: Álex Cordero
Batting: RHB Sigi Lang 0-0: Called Strike
0-1: Ball
1-1: Ball
2-1: Foul Ball, location: 2F
2-2: Foul Ball, location: 2F
2-2: Foul Ball, location: 2F
2-2: Ball
3-2: Strikes out swinging
Batting: RHB Peter Agulera 0-0: Foul Ball, location: 2F
0-1: Ball
1-1: Swinging Strike
1-2: Ball
2-2: SINGLE (Groundball, 56D)
Batting: RHB Pedro Méndez 0-0: Called Strike
0-1: Ball
1-1: Ball
2-1: Called Strike
2-2: Ball
3-2: Foul Ball, location: 2F
3-2: Base on Balls
Peter Agulera to second
Batting: RHB César Villarreal 0-0: Called Strike
0-1: Foul Ball, location: 2F
0-2: Ball
1-2: Strikes out looking
Batting: RHB Borja Berrios 0-0: Ball
1-0: Ball
2-0: Called Strike
2-1: SINGLE (Line Drive, 4MD)
Peter Agulera to third
Pedro Méndez to second
Batting: RHB Chan-Wook Park 0-0: Ball
1-0: Hit by Pitch
Peter Agulera scores
Pedro Méndez to third
Borja Berrios to second
Batting: RHB José Morín 0-0: Ball
1-0: Fly out, F9 (Line Drive, 9D)
Top of the 9th over - 1 run(s), 2 hit(s), 0 error(s), 3 left on base; Ft. Polk South 3 - Glendale 2
BOTTOM OF THE 9TH
Glendale Herons batting - Pitching for Ft. Polk South Thunder Hawks : RHP Joey Hamman
Pitching: RHP Gil Reeves
Batting: LHB Jerry Wilson 0-0: Foul Ball, location: 2F
0-1: Ball
1-1: Ball
2-1: Fly out, F4 (Line Drive, 6M)
Batting: RHB Augusto Ferrales 0-0: Ball
1-0: Foul Ball, location: 2F
1-1: Ball
2-1: Foul Ball, location: 2F
2-2: Strikes out swinging
Batting: RHB José Masaferro 0-0: Swinging Strike
0-1: Foul Ball, location: 2F
0-2: Foul Ball, location: 2F
0-2: Ball
1-2: SINGLE (Groundball, 4D)
Batting: RHB Takechi Okubo 0-0: Called Strike
0-1: SINGLE (Groundball, 6MD)
José Masaferro to second
Runner from 2nd tries for 3rd, SAFE, throw made to third
Batting: RHB Salvador Bueno 0-0: Ball
1-0: Fly out, F8 (Flyball, 8RS)
Bottom of the 9th over - 0 run(s), 2 hit(s), 0 error(s), 2 left on base; Ft. Polk South 3 - Glendale 2
Wednesday, August 16th, 2017 - OOTP Baseball 17.12 Build 75